AoeStats
← El Fantasma de Pancho Villa

Arena

509726539Analyzed
4v4 RM · 4d ago on Sep 27, 2026· 40m 57s· 8 players
Game mode
Random Map
Map size
Large (8 player)
Population
200
Speed
Normal
Resources
Standard
Victory
Conquest
Starting age
Dark Age
Ending age
Imperial Age
RankedLock teamsTeams togetherTeam positionsShared explorationLock speedFull tech treeHidden civsTurbo modeCheats
Victory
Defeat
🇲🇽 Persians · Mexico
1276
+15
🇪🇸 Persians · Spain
1181
+19
🇩🇪 Britons · Germany
1171
+19
🇺🇸 Cumans · United States
1148
+20
🇮🇪 Franks · Ireland
1344
-22
🇮🇪 Danes · Ireland
1244
-18
🇮🇪 Hindustanis · Ireland
1243
-18
🇮🇪 Lithuanians · Ireland
1158
-15
|GaoeG| Ratarax
11:46 Feudal Age
15:06 Castle Age
13:07 Double-Bit Axe
13:05 Horse Collar
17:06 Bow Saw
20:40 Heavy Plow
24:53 Scale Barding Armor
24:59 Forging
26:21 Bloodlines
26:11 Husbandry
27:18 Gold Mining
27:55 Chain Barding Armor
28:38 Iron Casting
29:33 Wheelbarrow
28:45 Loom
32:06 Imperial Age
31:14 Gold Shaft Mining
30:48 Fletching
30:59 Padded Archer Armor
32:09 Kamandaran
32:05 Cavalier
34:09 Plate Barding Armor
33:58 Crossbowman
34:53 Thumb Ring
36:09 Two-Man Saw
35:21 Heavy Camel Rider
36:38 Leather Archer Armor
36:20 Bodkin Arrow
37:02 Hand Cart
38:16 Conscription
39:01 Chemistry
38:39 Savar
39:48 Stone Mining
Holako
11:41 Feudal Age
12:16 Double-Bit Axe
21:26 Castle Age
20:17 Fletching
20:29 Padded Archer Armor
20:21 Gold Mining
22:26 Bow Saw
21:38 Crossbowman
22:02 Horse Collar
21:44 Pikeman
24:16 Bodkin Arrow
28:40 Leather Archer Armor
32:27 Ballistics
33:35 Wheelbarrow
35:37 Imperial Age
33:30 Squires
33:15 Arson
33:44 Forging
34:16 Loom
34:46 Hand Cart
34:16 Town Watch
34:37 Scale Mail Armor
35:42 Arbalester
37:24 Chemistry
37:22 Capped Ram
38:49 Gold Shaft Mining
37:47 Halberdier
39:45 Bracer
40:16 Ring Archer Armor
40:22 Iron Casting
40:03 Chain Mail Armor
El Fantasma de Pancho Villa
13:10 Feudal Age
16:10 Man-at-Arms
17:36 Scale Mail Armor
20:34 Fletching
20:54 Forging
26:04 Double-Bit Axe
32:13 Wheelbarrow
Boywars
4:47 Loom
10:16 Feudal Age
15:14 Castle Age
13:55 Double-Bit Axe
15:09 Horse Collar
16:35 Bow Saw
21:50 Husbandry
24:55 Scale Barding Armor
25:27 Bloodlines
28:24 Heavy Plow
32:31 Imperial Age
30:06 Fletching
30:27 Forging
31:36 Kamandaran
32:47 Chain Barding Armor
32:24 Bodkin Arrow
33:14 Wheelbarrow
34:53 Plate Barding Armor
35:27 Chemistry
34:31 Stone Mining
35:23 Crop Rotation
34:18 Crossbowman
35:03 Thumb Ring
36:05 Iron Casting
36:40 Heavy Camel Rider
39:34 Blast Furnace
Darkham
3:17 Loom
10:33 Feudal Age
16:08 Castle Age
14:59 Double-Bit Axe
15:30 Horse Collar
25:03 Wheelbarrow
25:46 Bloodlines
25:45 Husbandry
27:50 Hand Cart
34:33 Bow Saw
34:25 Heavy Plow
35:54 Scale Barding Armor
35:59 Forging
38:41 Imperial Age
37:07 Town Watch
40:12 Chain Barding Armor
39:39 Cavalier
gnitaek
10:28 Feudal Age
12:06 Double-Bit Axe
14:43 Castle Age
12:57 Horse Collar
16:19 Bow Saw
16:12 Heavy Plow
17:25 Loom
19:42 Wheelbarrow
21:38 Town Watch
22:15 Hand Cart
24:20 Sanctity
26:38 Bloodlines
26:41 Scale Barding Armor
26:46 Forging
27:22 Scale Mail Armor
30:06 Imperial Age
29:39 Chain Barding Armor
29:49 Husbandry
30:29 Masonry
30:27 Heavy Camel Rider
31:44 Chain Mail Armor
32:06 Plate Barding Armor
32:54 Iron Casting
33:09 Imperial Camel Rider
36:49 Grand Trunk Road
36:21 Elite Ghulam
37:26 Fortified Wall
37:39 Ballistics
39:22 Siege Engineers
40:18 Chemistry
39:59 Conscription
Runtime
10:22 Feudal Age
15:14 Castle Age
13:43 Loom
14:25 Double-Bit Axe
16:16 Scale Mail Armor
22:52 Forging
23:12 Chain Mail Armor
30:45 Squires
34:09 Bow Saw
36:55 Wheelbarrow
38:45 Iron Casting
38:37 Hand Cart
39:47 Scale Barding Armor
berserker-latko
10:03 Feudal Age
11:19 Loom
14:28 Castle Age
12:24 Double-Bit Axe
12:23 Man-at-Arms
13:05 Gold Mining
16:40 Gambesons
17:31 Scale Mail Armor
17:48 Long Swordsman
30:17 Chain Mail Armor
35:22 Horse Collar
36:45 Wheelbarrow
37:07 Hamask
38:11 Squires
37:33 Pikeman
40:10 Fletching
Connection lost

Rejoining the realm…

Still unreachable

The connection could not be restored.

Session expired

The server has moved on; the page needs a fresh start.